 Dungeon Crawl Stone Soup version 0.30-a0-360-g447f08457e (webtiles) character file.

Game seed: 15455969688835407869

4588 GiantSquids the Cleaver (level 10, -3/86 HPs)
             Began as a Hill Orc Fighter on Nov 14, 2022.
             Was a High Priest of Qazlal.
             Slain by a gnoll sergeant
             ... wielding a +2 spear of distortion
              (15 damage)
             ... on level 9 of the Dungeon.
             The game lasted 00:18:40 (6721 turns).

GiantSquids the Cleaver (Hill Orc Fighter)          Turns: 6721, Time: 00:18:42

Health: -3/86      AC: 18    Str: 34    XL:     10   Next: 41%
Magic:  16/16      EV:  9    Int:  8    God:    Qazlal [*****.]
Gold:   377        SH:  6    Dex: 10    Spells: 9/9 levels left

rFire   + . .      SeeInvis .    i - +8 broad axe of Lust {freeze, Will+ Str+4}
rCold   + . .      Faith    .    (no shield)
rNeg    . . .      Spirit   .    c - +0 plate armour
rPois   .          Reflect  .    (no helmet)
rElec   .          Harm     .    p - scarf {rC+ rF+}
rCorr   +          Rampage  .    w - +1 pair of gloves
Will    +....                    (no boots)
Stlth   ..........               (no amulet)
HPRegen 0.34/turn                t - ring of resist corrosion
MPRegen 0.15/turn                a - +6 ring of strength

@: mighty, protected from physical damage, repel missiles
A: no striking features
a: Renounce Religion, Upheaval, Elemental Force, Disaster Area


You were on level 9 of the Dungeon.
You worshipped Qazlal.
Qazlal was extremely pleased with you.
You visited 1 branch of the dungeon, and saw 9 of its levels.

You collected 405 gold pieces.
You spent 28 gold pieces at shops.

Inventory:

Hand Weapons
 i - the +8 broad axe of Lust (weapon) {freeze, Will+ Str+4}
   (You acquired it on level 5 of the Dungeon)

   It freezes those it strikes, dealing additional cold damage.
   It can also slow down cold-blooded creatures.
   Str:       It affects your strength (+4).
   Will:      It increases your willpower.
Missiles
 k - 3 javelins (quivered)
 H - a throwing net
Armour
 c - a +0 plate armour (worn)
 p - a scarf of resistance (worn)
 w - a +1 pair of gloves (worn)
Jewellery
 a - a +6 ring of strength (right hand)
 h - an amulet of magic regeneration
 t - a ring of resist corrosion (left hand)
 C - a ring of wizardry
Wands
 u - a wand of paralysis (9)
 x - a wand of light (9)
Scrolls
 b - 5 scrolls of enchant armour
 g - 4 scrolls of immolation {unknown}
 j - a scroll of fear
 l - 5 scrolls of teleportation
 n - a scroll of brand weapon
 r - 3 scrolls of magic mapping {unknown}
 s - a scroll of blinking {unknown}
 v - a scroll of poison {unknown}
 y - 2 scrolls of torment {unknown}
 z - a scroll of amnesia {unknown}
 A - 2 scrolls of enchant weapon {unknown}
 E - a scroll of identify
 F - a scroll of vulnerability {unknown}
Potions
 d - a potion of might
 f - 5 potions of curing
 m - a potion of cancellation
 o - 2 potions of lignification
 q - 3 potions of flight
 B - a potion of attraction {unknown}
 D - 2 potions of haste {unknown}
 G - a potion of magic {unknown}


   Skills:
 + Level 7.0 Fighting
 * Level 14.1 Axes
 + Level 6.3 Armour
 + Level 2.7 Dodging
 - Level 3.6 Shields
 * Level 8.2 Invocations


You had 9 spell levels left.
You didn't know any spells.
Your spell library contained the following spells:

 Spells                   Type           Power      Damage    Failure   Level
 Slow                     Hex            0%         N/A       97%         1
 Cigotuvi's Dreadful Rot  Necr/Pois/Air  0%         N/A       99%         2
 Poisonous Vapours        Pois/Air       0%         N/A       99%         2
 Mephitic Cloud           Conj/Pois/Air  0%         N/A       100%        3
 Olgreb's Toxic Radiance  Pois           0%         N/A       100%        4
 Ozocubu's Refrigeration  Ice            0%         4d7       100%        7
 Ignition                 Fire           0%         3d3       100%        8


Dungeon Overview and Level Annotations

Branches:
Dungeon (9/15)             Temple (0/1) D:7
   Lair: D:8-11         Orc: D:9-12

Altars:
Ashenzari
Dithmenos
Gozag
Hepliaklqana
Nemelex Xobeh
Okawaru
Qazlal
Sif Muna
Vehumet
Yredelemnul

Shops:
D:5 *?(:   D:6 *


Message History

You slice the yak!! You freeze the yak.
You kill the yak!
Qazlal accepts your kill.
You can now call upon nature's wrath in a wide area around you.
Your Fighting skill increases to level 7!
You hit the boulder beetle but do no damage.
The boulder beetle closely misses you.
The boulder beetle stops rolling and uncurls.
You hit the boulder beetle but do no damage.
The boulder beetle barely misses you.
You slice the boulder beetle!! You freeze the boulder beetle!
The boulder beetle is moderately wounded.
A gnoll sergeant comes into view.
It is wielding a +2 spear of distortion.
The boulder beetle bites you!
You feel protected from physical attacks.
You hit the boulder beetle but do no damage.
The boulder beetle is moderately wounded.
The boulder beetle bites you!
* * * LOW HITPOINT WARNING * * *
You feel much better. You block the boulder beetle's attack.
You feel very mighty all of a sudden.
The gnoll sergeant hits you but does no damage.
Space warps horribly around you!!
* * * LOW HITPOINT WARNING * * *
The boulder beetle barely misses you.
You slice the boulder beetle!! You freeze the boulder beetle.
The boulder beetle is heavily wounded.
You block the gnoll sergeant's attack.
The boulder beetle bites you but does no damage.
You slice the boulder beetle!! You freeze the boulder beetle.
The boulder beetle is severely wounded.
A kobold brigand comes into view.
It is wielding a +0 dagger and quivering poisoned darts.
The gnoll sergeant barely misses you.
You slash the boulder beetle! You freeze the boulder beetle.
The boulder beetle is almost dead.
The boulder beetle leaps!
The gnoll sergeant hits you from afar with a +2 spear of distortion.
* * * LOW HITPOINT WARNING * * *
Space warps horribly around you!
You die...

...#. #...##
.B.### .
########...### ..
°°....)......#..#
.#.#.#)#K.......#
...#g†.....##
######°......#
#....§@○§......
#....§○....####
##....○°§.##
###)....##
##.)..# #...#..#
##..##...# ###
#..## #.... #..#
##..# ....


You could see a boulder beetle, a kobold brigand and a gnoll sergeant.

Vanquished Creatures
  Grinder (D:6)
  2 shadows
  A yak (D:9)
  A wyvern (D:9)
  A wraith (D:8)
  2 steam dragons (D:8)
  A black bear (D:7)
  An orc warrior (D:9)
  3 ogres
  4 centaurs
  4 kobold brigands (D:9)
  4 bullfrogs
  A gnoll sergeant (D:9)
  2 necrophages
  2 scorpions
  9 wights
  5 killer bees (D:7)
  A howler monkey (D:9)
  8 hounds
  A jelly (D:4)
  2 gnoll boudas
  3 orc priests
  4 iguanas (D:6)
  Terence (D:3)
  6 orc wizards
  A hound zombie (D:3)
  A mummy (D:5)
  11 gnolls
  11 adders
  2 white imps
  3 ufetubi
  An adder zombie (D:3)
  A worm (D:2)
  2 dart slugs
  26 orcs
  6 ball pythons
  10 endoplasms
  3 giant cockroaches
  8 goblins
  4 hobgoblins
  6 jackals (D:1)
  3 quokkas
  11 bats
  A frilled lizard (D:3)
  2 hobgoblin zombies (D:5)
  18 kobolds
  A kobold zombie (D:5)
  An orc zombie (D:5)
  7 rats
210 creatures vanquished.

Vanquished Creatures (others)
  A fungus (D:2)
  2 plants (D:2)
3 creatures vanquished.

Grand Total: 213 creatures vanquished

Notes
Turn   | Place    | Note
-------+----------+-------------------------------------------
     0 | D:1      | GiantSquids the Hill Orc Fighter began the quest for the
                  | Orb.
     0 | D:1      | Reached XP level 1. HP: 19/19 MP: 1/1
   149 | D:1      | Reached skill level 3 in Axes
   188 | D:1      | Reached XP level 2. HP: 27/27 MP: 2/2
   533 | D:1      | Reached XP level 3. HP: 30/33 MP: 3/3
  1107 | D:2      | Reached skill level 4 in Axes
  1107 | D:2      | Reached XP level 4. HP: 40/40 MP: 4/4
  1243 | D:2      | Found a faded altar of an unknown god.
  1251 | D:2      | Got Plato's Atlas of Hexes
  1259 | D:2      | Prayed at the altar of an unknown god.
  1259 | D:2      | Became a worshipper of Qazlal Stormbringer
  1259 | D:2      | Reached * piety under Qazlal
  1665 | D:3      | Reached skill level 1 in Invocations
  1669 | D:3      | Found a basalt altar of Yredelemnul.
  1866 | D:3      | Noticed Terence
  1883 | D:3      | Killed Terence
  1884 | D:3      | Reached XP level 5. HP: 27/47 MP: 6/6
  2292 | D:4      | Reached ** piety under Qazlal
  2304 | D:4      | Reached skill level 5 in Axes
  2392 | D:4      | Noticed an ogre
  2400 | D:4      | Killed an ogre
  2401 | D:4      | Reached XP level 6. HP: 39/55 MP: 6/8
  2750 | D:4      | Reached skill level 5 in Fighting
  2784 | D:4      | Reached skill level 6 in Axes
  2800 | D:4      | Reached XP level 7. HP: 61/61 MP: 9/9
  2864 | D:4      | Found an opulent altar of Gozag.
  2870 | D:4      | Found an iron altar of Okawaru.
  2875 | D:4      | Found a broken altar of Ashenzari.
  3017 | D:4      | Found a shimmering blue altar of Sif Muna.
  3263 | D:5      | Entered Level 5 of the Dungeon
  3473 | D:5      | Found Liygu's Book Shop.
  3483 | D:5      | Found Riapp's Magic Scroll Shop.
  3483 | D:5      | Found Vusa's Assorted Antiques.
  3485 | D:5      | Found Efeol's Antique Weapon Shop.
  3518 | D:5      | Reached skill level 5 in Armour
  3660 | D:5      | Bought a scroll of identify for 28 gold pieces
  3661 | D:5      | Identified a scroll of acquirement
  3662 | D:5      | Acquired the +8 broad axe of Lust {freeze, Will+ Str+4}
  3819 | D:5      | Reached skill level 7 in Axes
  3824 | D:5      | Found a radiant altar of Vehumet.
  3827 | D:5      | Found a hazy altar of Hepliaklqana.
  3878 | D:5      | Reached *** piety under Qazlal
  3918 | D:5      | Noticed Grinder
  4042 | D:5      | Reached skill level 8 in Axes
  4042 | D:5      | Reached XP level 8. HP: 69/69 MP: 11/11
  4366 | D:6      | Found Cudurgh's Assorted Antiques.
  4419 | D:6      | Reached skill level 9 in Axes
  4613 | D:6      | Reached skill level 10 in Axes
  4623 | D:6      | Killed Grinder
  4624 | D:6      | Reached skill level 11 in Axes
  4882 | D:6      | Reached skill level 12 in Axes
  4882 | D:6      | Reached XP level 9. HP: 39/74 MP: 12/12
  5157 | D:7      | Reached skill level 5 in Invocations
  5170 | D:7      | Reached **** piety under Qazlal
  5326 | D:7      | Found a shadowy altar of Dithmenos.
  5370 | D:7      | Found a staircase to the Ecumenical Temple.
  5422 | D:7      | Reached skill level 13 in Axes
  5422 | D:7      | Reached skill level 1 in Dodging
  5469 | D:7      | Found a sparkling altar of Nemelex Xobeh.
  6338 | D:8      | Reached XP level 10. HP: 84/84 MP: 15/15
  6696 | D:9      | Noticed a boulder beetle
  6697 | D:9      | Reached skill level 14 in Axes
  6711 | D:9      | Reached ***** piety under Qazlal
  6721 | D:9      | Slain by a gnoll sergeant

Illustrated notes

Levels and vault maps discovered:
D:1:      kilobyte_arrival_exit_the_forest, layout_loops_ring
D:2:      minmay_spotlight, layout_rooms, shapermc_ecumenical_altar_rom_forum
D:3:      layout_basic, lemuel_zombie_altar_yredelemnul, uniq_terence
D:4:      layout_basic, minmay_overflow_temple_star_quad,
          mainiacjoe_overflow_cross_hatched
D:5:      layout_basic, nicolae_hepliaklqana_hazy_memory,
          nicolae_vehumet_radiance, minmay_holes, minmay_shop_grid_forest,
          minmay_mini_ossuary, uniq_grinder
D:6:      layout_basic, serial_shops, shop
D:7:      layout_basic, nemelex_altar_shiori, grunt_dithmenos_smoke_and_mirrors,
          minmay_temple_entry_statues_fountains, dk_noncrumbling_2
D:8:      layout_basic, skrybe_limestone_x
D:9:      layout_layer_cave, mainiacjoe_overflow_brackets, minivault_25,
          hangedman_minor_gate_pass

Skill      XL: |  1  2  3  4  5  6  7  8  9 10 |
---------------+-------------------------------+-----
Axes           | 3 4 5 6 8 12 13 14 | 14.1
Fighting       | 4 5 6 7 |  7.0
Invocations    | 1 3 4 7 8 |  8.2
Armour         | 4 5 6 |  6.3
Dodging        | 2 |  2.7
Shields        | |  3.6

Action                   |  1- 3 |  4- 6 |  7- 9 | 10-12 || total
-------------------------+-------+-------+-------+-------++-------
Melee: War axe           |    94 |   151 |    53 |       ||   298
       Broad axe         |       |       |   148 |    55 ||   203
       Punch             |       |       |     2 |     2 ||     4
  Use: Potion            |       |     1 |     1 |     2 ||     4
       Scroll            |       |       |    11 |       ||    11
Armor: Plate armour      |    88 |   111 |   118 |    34 ||   351
Dodge: Dodged            |    28 |    44 |    57 |    29 ||   158
       Repelled          |       |       |       |     1 ||     1
Block: Other             |       |     7 |    39 |    11 ||    57

Table legend: (Time is in decaauts)
 A = Elapsed time spent in this place.
 B = Non-inter-level travel time spent in this place.
 C = Inter-level travel time spent in this place.
 D = Time resting spent in this place.
 E = Time spent auto-exploring this place.
 F = Levels seen in this place.
 G = Mean time per level.
                   A        B        C        D        E       F      G
               +--------+--------+--------+--------+--------+-----+--------+
         Total |   6808 |   6631 |    177 |    728 |   4576 |   9 |  756.4 |
       Dungeon |   6808 |   6631 |    177 |    728 |   4576 |   9 |  756.4 |
               +--------+--------+--------+--------+--------+-----+--------+

Top non-repeatable levels by time:
     D:5: 1115 daAuts
     D:4: 1074 daAuts
     D:1: 939 daAuts
     D:6: 789 daAuts
     D:3: 702 daAuts
     D:8: 687 daAuts
     D:7: 628 daAuts
     D:2: 625 daAuts
     D:9: 246 daAuts
